 Dungeon Crawl Stone Soup version 0.30-a0-1043-g60ff8d5f49 (webtiles) character file.

Game seed: 5808403275772318609

2144154 Zonian the Wrestler (level 27, 139/139 HPs)
             Began as a Vine Stalker Gladiator on Apr 2, 2023.
             Was a High Priest of Ashenzari.
             Escaped with the Orb
             ... and 4 runes on Apr 9, 2023!
             The game lasted 05:09:53 (82278 turns).

Zonian the Wrestler (Vine Stalker Gladiator)       Turns: 82278, Time: 05:09:53

Health: 139/139    AC: 46    Str: 32    XL:     27
Magic:  41/41      EV: 22    Int:  8    God:    Ashenzari [*****.]
Gold:   7628       SH: 30    Dex: 23    Spells: 58/62 levels left

rFire   + . .      SeeInvis +      - Unarmed
rCold   + . .      Faith    .    S - +3 tower shield "Visionary Chagrin" {rPois rCorr SInv, Fort, Self} (curse)
rNeg    + . .      Spirit   +    g - +6 gold dragon scales "Fallacy of Ashenzari" {rPois rF+ rC+, Bglg, Melee} (curse)
rPois   +          Reflect  +    b - +1 helmet of Ashenzari's Mutualism {Cun, Self} (curse)
rElec   +          Rampage  .    m - +4 dragonskin cloak {Comp, Cun} (curse)
rCorr   +          Clarity  +    e - +1 pair of gloves of the Mantic Scepticism {Str+5 Dex+3, Elem, Evo} (curse)
Will    +++..                    Q - +2 pair of boots of Ashenzari's Pleiades {Alch, Melee} (curse) Stlth
                                 h - amulet "Manifest Urgency" {Reflect rElec rN+ Int+2 SH+5, Alch, Self} (curse)
HPRegen 1.23/turn                a - ring of Ashenzari's Omen {EV+5, Comp, Self} (curse)
MPRegen 0.27/turn                M - ring of the Manifest Gnosis {Slay+4, Cun, Bglg} (curse)

@: studying 2 skills
A: fangs 3, regeneration 1, magic shield, antimagic bite, no potion heal 2,
iridescent scales 1, berserk 1, deterioration 1, dopey 1, frail 2, low MP 1,
subdued magic 1
0: Orb of Zot
}: 4/15 runes: serpentine, barnacled, slimy, silver
a: Renounce Religion, Curse Item, Shatter the Chains


You escaped.
You worshipped Ashenzari.
Ashenzari was extremely pleased with you.
You visited 13 branches of the dungeon, and saw 57 of its levels.
You visited the Abyss 1 time.
You visited 1 bazaar.
You visited 1 ziggurat, and saw 7 of its levels.
You also visited: Gauntlet, Ice Cave and Wizlab.

You collected 10245 gold pieces.
You spent 2617 gold pieces at shops.

Inventory:

Missiles
 d - 17 javelins
 l - 10 curare-tipped darts
 r - 7 throwing nets
 s - 6 boomerangs (quivered)
 A - 23 silver javelins
 Z - 3 boomerangs of dispersal
Armour
 b - the cursed +1 helmet of Ashenzari's Mutualism (worn) {Cun, Self}

   It has a curse which improves the following skills: Cunning: Dodging and
   Stealth.
   Introspection: Fighting and Spellcasting.
 e - the cursed +1 pair of gloves of the Mantic Scepticism (worn) {Str+5 Dex+3, Elem, Evo}
   (You found it on level 4 of a ziggurat)

   Str:       It affects your strength (+5).
   Dex:       It affects your dexterity (+3).
   It has a curse which improves the following skills: Elements: Fire Magic, Ice
   Magic, Air Magic and Earth Magic.
   Evocations: Evocations.
 g - the cursed +6 gold dragon scales "Fallacy of Ashenzari" (worn) {rPois rF+ rC+, Bglg, Melee}
   (You found it on level 5 of the Vaults)

   rF:        It protects you from fire.
   rC:        It protects you from cold.
   rPois:     It protects you from poison.
   It has a curse which improves the following skills: Beguiling: Conjurations,
   Hexes and Translocations.
   Melee Combat: Short Blades, Long Blades, Axes, Maces & Flails, Polearms,
   Staves and Unarmed Combat.
 m - the cursed +4 dragonskin cloak (worn) {Comp, Cun}
   (You took it off Tiamat on level 2 of the Realm of Zot)

   Avatar's Aegis: It grants the wearer a chance to resist fire, cold, poison,
   electricity, acid, and negative energy.
   It has a curse which improves the following skills: Companions: Summonings
   and Necromancy.
   Cunning:   Dodging and Stealth.
 Q - the cursed +2 pair of boots of Ashenzari's Pleiades (worn) {Alch, Melee}
   (You found it on level 4 of the Lair of Beasts)

   It has a curse which improves the following skills: Alchemy: Poison Magic and
   Transmutations.
   Melee Combat: Short Blades, Long Blades, Axes, Maces & Flails, Polearms,
   Staves and Unarmed Combat.
 S - the cursed +3 tower shield "Visionary Chagrin" (worn) {rPois rCorr SInv, Fort, Self}
   (You took it off Louise on level 1 of the Snake Pit)

   rPois:     It protects you from poison.
   SInv:      It lets you see invisible.
   rCorr:     It protects you from acid and corrosion.
   It has a curse which improves the following skills: Fortitude: Armour and
   Shields.
   Introspection: Fighting and Spellcasting.
Jewellery
 a - the cursed ring of Ashenzari's Omen (left hand) {EV+5, Comp, Self}
   (You found it on level 2 of the Lair of Beasts)

   [ring of evasion]

   EV:        It affects your evasion (+5).
   It has a curse which improves the following skills: Companions: Summonings
   and Necromancy.
   Introspection: Fighting and Spellcasting.
 h - the cursed amulet "Manifest Urgency" (around neck) {Reflect rElec rN+ Int+2 SH+5, Alch, Self}
   (You bought it in a shop on level 4 of the Dungeon)

   [amulet of reflection]

   It reflects blocked missile attacks.
   Int:       It affects your intelligence (+2).
   rElec:     It insulates you from electricity.
   rN:        It protects you from negative energy.
   SH:        It affects your SH (+5).
   It has a curse which improves the following skills: Alchemy: Poison Magic and
   Transmutations.
   Introspection: Fighting and Spellcasting.
 M - the cursed ring of the Manifest Gnosis (right hand) {Slay+4, Cun, Bglg}
   (You found it on level 15 of the Dungeon)

   [ring of slaying]

   Slay:      It affects your accuracy & damage with ranged weapons and melee
   (+4).
   It has a curse which improves the following skills: Cunning: Dodging and
   Stealth.
   Beguiling: Conjurations, Hexes and Translocations.
Wands
 k - a wand of polymorph (19)
 F - a wand of flame (133)
 G - a wand of digging (2)
 I - a wand of paralysis (49)
 R - a wand of acid (23)
 T - a wand of mindburst (13)
 U - a wand of roots (28)
Scrolls
 f - 13 scrolls of fog
 y - 15 scrolls of teleportation
 z - 4 scrolls of fear
 E - 16 scrolls of vulnerability
 N - 2 scrolls of butterflies
 O - 7 scrolls of poison
 V - 2 scrolls of silence
 X - 8 scrolls of magic mapping
Potions
 c - 2 potions of brilliance
 i - 24 potions of curing
 j - 8 potions of invisibility
 n - 3 potions of cancellation
 q - 4 potions of magic
 v - 8 potions of flight
 w - 7 potions of haste
 B - 6 potions of berserk rage
 L - 2 potions of might
 W - 9 potions of resistance
Miscellaneous
 o - a box of beasts
 p - the horn of Geryon (inert)
 t - a condenser vane
 u - a tin of tremorstones (2/2)
 x - a lightning rod (4/4)
 P - a phantom mirror
 Y - a phial of floods


   Skills:
 - Level 22.9(27) Fighting
 + Level 16.3 Throwing
 - Level 18.0(20.0) Armour
 - Level 13.8(17.9) Dodging
 - Level 9.0(13.2) Stealth
 - Level 15.0(17.0) Shields
 - Level 24.7(27) Unarmed Combat
 - Level 13.0(18.0) Spellcasting
 - Level 11.8(15.0) Necromancy
 - Level 16.0(18.0) Evocations


You had 58 spell levels left.
You knew the following spells:

 Your Spells              Type           Power      Damage    Failure   Level
a - Dispel Undead         Necr           24%        3d12      2%          4

Your spell library contained the following spells:

 Spells                   Type           Power      Damage    Failure   Level
 Necrotise                Necr           96%        1d8       1%          1
 Kiss of Death            Conj/Necr      60%        2d10      6%          1
 Cigotuvi's Dreadful Rot  Necr/Pois/Air  22%        N/A       28%         2
 Death Channel            Necr           12%        N/A       45%         6
 Apportation              Tloc           12%        N/A       80%         1
 Sting                    Tmut/Pois      24%        1d4       80%         1
 Summon Small Mammal      Summ           24%        N/A       80%         1
 Blink                    Tloc           12%        N/A       90%         2
 Call Imp                 Summ           12%        N/A       90%         2
 Lesser Beckoning         Tloc           12%        N/A       90%         2
 Momentum Strike          Conj/Tloc      12%        3d8       90%         2
 Poisonous Vapours        Pois/Air       10%        N/A       91%         2
 Call Canine Familiar     Summ           6%         N/A       99%         3
 Confusing Touch          Hex            6%         N/A       99%         3
 Olgreb's Toxic Radiance  Pois           6%         N/A       100%        4
 Summon Cactus Giant      Summ           3%         N/A       100%        6
 Lehudib's Crystal Spear  Conj/Erth      2%         10d2      100%        8


Dungeon Overview and Level Annotations

Branches:
Dungeon (15/15)            Temple (1/1) D:7            Lair (5/5) D:10
 Shoals (4/4) Lair:3        Snake (4/4) Lair:2        Slime (5/5) Lair:4
    Orc (2/2) D:9             Elf (3/3) Orc:2        Vaults (5/5) D:14
  Crypt (3/3) Vaults:3       Tomb (0/3) Crypt:3      Depths (4/4) D:15
   Hell (visited)             Dis (0/7) Hell            Geh (0/7) Hell
    Coc (0/7) Hell            Tar (0/7) Hell            Zot (5/5) Depths:4
  IceCv (visited)          WizLab (visited)         Gauntlet (visited)

Altars:
Ashenzari
Cheibriados
Dithmenos
Gozag
Hepliaklqana
Kikubaaqudgha
Makhleb
Nemelex Xobeh
Ru
Sif Muna
Uskayaw
Vehumet
Wu Jian
Xom
Yredelemnul
Zin
The Shining One

Shops:
D:4 !=(   Orc:2 *[*   Elf:3 [:=   Shoals:1 =   Snake:2 *   Snake:3 [***
Snake:4 *   Vaults:1 [   Depths:1 *

Portals:
Hell: Depths:1 Depths:2 Depths:3 Depths:4
Abyss: Depths:3 Depths:4
Pandemonium: Depths:2 Depths:4
Trove: Elf:2 (give 8 scrolls of blinking)

Annotations:
D:10 3 runed translucent doors, exclusion: statue, ragingrage's ghost, novice OpWr
Lair:1 1 runed translucent door, Ystrotapp's ghost, journeyman MiFi
Elf:2 3 runed translucent doors
Vaults:2 2 transporters, exclusion: obsidian statue
Depths:3 6 runed translucent doors


Innate Abilities, Weirdness & Mutations

You have razor-sharp teeth.
Your natural rate of healing is unusually fast.
When hurt, damage is shared between your health and your magic reserves.
Your bite disrupts and absorbs the magic of your enemies.
Potions cannot restore your health.
You are partially covered in iridescent scales. (AC +2)
You sometimes lose your temper in combat.
Your body sometimes deteriorates upon taking damage.
You are dopey. (Int -2)
You are very frail. (-20% HP)
Your magical capacity is low. (-10% MP)
Your spells are a little easier to cast, but a little less powerful.


Message History

The Brimstone Fiend completely misses you.
You block the Brimstone Fiend's attack.
You squash the Brimstone Fiend like an ant!!!
You bite the Brimstone Fiend, but do no damage.
The Brimstone Fiend is heavily wounded.
You hit the Brimstone Fiend but do no damage.
You bite the Brimstone Fiend.
The Brimstone Fiend's magic leaks into the air.
You drain its magic.
The Brimstone Fiend is heavily wounded.
The Brimstone Fiend gestures at you.
The sphere of damnation explodes!
The damnation engulfs you!!
The damnation engulfs the Brimstone Fiend.
The Brimstone Fiend completely resists.
You hit the Brimstone Fiend. You bite the Brimstone Fiend.
The Brimstone Fiend's magic leaks into the air.
You drain its magic.
You feel invigorated.
The Brimstone Fiend is heavily wounded.
You pound the Brimstone Fiend into fine dust!!!
You kill the Brimstone Fiend!
Unknown command.
There is a stone staircase leading up here.
Unknown command.
Magic restored.
You climb upwards.
There is a stone staircase leading down here.
Unknown command.
There is an open door here.
You open the door.
There is an open door here.
There is an escape hatch in the floor here.
There is a staircase leading out of the dungeon here.
Unknown command.
Unknown command.
You are studying Long Blades and Necromancy.
Your movement speed is average.
Your attack delay is about 0.6 (and is slowed by your shield).
Your damage rating with unarmed combat is about 71 (Base [3 + 27 (UC)] x 155% (Str) x 145% (Fight) + 4 (Slay)).
Your base attributes are Str 27, Int 8, Dex 20.
You have escaped!

# ###..#...............#
#####....#.#.###+#.#.....#
#........#.'.....+.#.....# #
#.....##.#.#######.#.>...#
####.............#....'....##
............#.#######.#...##
(...........#.#.....'.######
............###.....####...#
)...........'.#.@>..#......#
............#)#..(..###†...#
...#######..#.#.....'.##...#
......†.....#.#####+#.#....#
.......####.'....+....'....#
.####.......#.#######.##...#
.## #.......#.'.....#.##...#
..###.......#+#'###.#+##...##
#..##......)......#.........##


There were no monsters in sight!

Vanquished Creatures
  the Royal Jelly (Slime:5)
  Dissolution (Slime:3)
  2 dread liches
  5 orbs of fire
  5 ancient liches
  Tiamat (Zot:2)
  5 juggernauts
  Mara (Elf:3)
  Boris (Crypt:3)
  Josephina (Zot:3)
  Bai Suzhen (Depths:1)
  Parghit (Zot:3)
  4 Killer Klowns
  Geryon (Hell)
  5 curse toes
  A caustic shrike (Depths:2)
  6 golden dragons
  3 electric golems
  A shard shrike zombie (Crypt:3)
  2 bone dragons
  A Brimstone Fiend (D:2)
  A hellephant (D:9)
  An Ice Fiend (Zig:6)
  17 tentacled monstrosities
  2 walking crystal tomes
  6 liches
  A tainted leviathan (Hell)
  4 deep elf blademasters (Elf:3)
  23 Orb Guardians
  2 walking frostbound tomes (Depths:2)
  7 titans
  A deep elf master archer (Elf:3)
  4 quicksilver dragons
  9 death cobs
  9 sphinxes
  22 acid blobs
  An ancient champion (Vaults:3)
  Agnes (D:14)
  9 tengu reavers
  12 shadow dragons
  7 draconian monks
  6 revenants
  Kirke (Snake:1)
  10 storm dragons
  Ilsuiw (Shoals:2)
  11 rockslimes
  4 nagarajas
  A fenstrider witch (Zig:7)
  4 azure jellies (Slime:5)
  16 fire giants
  11 frost giants
  2 narguns (Zig:6)
  2 iron dragons (Depths:3)
  7 deep elf sorcerers
  An emperor scorpion (shapeshifter) (Vaults:1)
  6 draconian knights
  Louise (Snake:1)
  2 balrugs (Depths:3)
  15 vault wardens
  5 draconian scorchers
  4 curse skulls
  2 caustic shrike zombies
  A spectral juggernaut (Crypt:3)
  12 draconian annihilators
  7 draconian shifters
  3 draconian stormcallers
  5 ghost moths
  14 ghouls
  13 ironbound preservers
  2 orc warlords
  6 deep elf elementalists
  2 reapers (Hell)
  3 spriggan defenders (Depths:3)
  A caustic shrike skeleton (Crypt:2)
  23 very ugly things
  16 quicksilver oozes
  6 war gargoyles
  13 vampire knights
  14 black draconians
  26 stone giants
  5 putrid mouths
  8 deep elf annihilators
  A spectral titan (Crypt:3)
  20 green draconians
  A demonspawn black sun (Zig:4)
  7 ironbound thunderhulks
  2 lorocyprocas (Hell)
  13 white draconians
  5 deep elf demonologists
  2 bunyips (Zig:7)
  18 yellow draconians
  9 purple draconians
  3 dire elephants
  16 red draconians
  8 spark wasps (Depths:2)
  A minotaur (Gauntlet)
  3 blizzard demons (Hell)
  2 spectral quicksilver dragons (Crypt:3)
  A crystal guardian (Vaults:4)
  11 deep elf death magi
  17 eidola
  A green death (Abyss:2)
  3 merfolk javelineers
  14 ettins
  9 jiangshi
  12 merfolk impalers
  10 fire dragons
  5 entropy weavers
  A spectral fenstrider witch (Crypt:3)
  3 spectral spriggans (Crypt:3)
  A shambling mangrove (Zig:7)
  5 deep elf high priests
  9 great orbs of eyes
  16 yaktaur captains
  2 hell beasts
  9 ice dragons
  A caustic shrike simulacrum (IceCv)
  4 salamander tyrants (Snake:4)
  3 hydras
  8 spriggan air magi
  35 vault guards
  A juggernaut simulacrum (Crypt:1)
  A peacekeeper (Vaults:4)
  4 rakshasas
  7 merfolk avatars
  A death knight (Crypt:2)
  4 anacondas
  7 centaur warriors
  An ogre mage (D:15)
  3 ghost crabs
  7 ironbound frosthearts
  3 alligator snapping turtles
  2 catoblepae
  An alligator snapping turtle (shapeshifter) (Depths:2)
  5 satyrs
  10 two-headed ogres
  Erica (Orc:1)
  5 boulder beetles
  2 alligators (Shoals:1)
  4 death yaks (Lair:5)
  3 tengu warriors
  An Orb Guardian skeleton (Crypt:2)
  6 deep troll shamans
  8 merfolk aquamancers
  5 dancing weapons
  7 hell hogs (Hell)
  A two-headed ogre (shapeshifter) (Vaults:1)
  A satyr (shapeshifter) (Depths:4)
  An orc high priest (Orc:2)
  5 vampire magi
  6 deep troll earth magi
  Urug (Lair:4)
  2 spectral nagas (Crypt:3)
  13 naga sharpshooters
  14 naga warriors
  7 spriggan berserkers
  9 shock serpents
  16 hell knights
  2 spectral storm dragons (Crypt:3)
  5 deep elf knights
  9 sun demons
  6 spriggans
  Amaemon (Lair:2)
  A spectral dire elephant (Crypt:3)
  2 iron trolls
  3 spatial maelstroms
  6 skysharks
  7 soul eaters
  2 wretched stars
  A spectral bunyip (Crypt:3)
  A sixfirhy (Abyss:2)
  11 skeletal warriors
  5 large abominations
  3 salamander mystics
  11 flayed ghosts
  7 shadow wraiths (Crypt:3)
  A bunyip zombie (Crypt:2)
  A goliath frog (Zig:1)
  5 bog bodies
  2 orange crystal statues
  An orb spider (shapeshifter) (Vaults:1)
  36 deep trolls
  A golden dragon zombie (Crypt:2)
  3 swamp dragons
  4 glowing orange brains
  An anaconda zombie (Hell)
  6 sea snakes
  12 naga ritualists
  6 wizards
  A spriggan simulacrum (IceCv)
  9 lindwurms (Vaults:2)
  An iron giant skeleton (Crypt:1)
  20 ironbound convokers
  A shadow dragon zombie (Depths:1)
  9 harpies
  An obsidian statue (IceCv)
  11 deep elf archers
  A steelbarb worm (shapeshifter) (Vaults:5)
  An anaconda skeleton (Hell)
  17 phantasmal warriors
  10 mana vipers
  A glowing shapeshifter (Vaults:5)
  22 deep elf pyromancers
  15 necromancers
  9 orc knights
  A frost giant zombie (Depths:1)
  13 salamanders
  A wolf spider (Lair:5)
  21 deep elf zephyrmancers
  14 fauns
  34 ugly things
  A stone giant zombie (Crypt:3)
  11 manticores
  6 orc sorcerers
  33 moths of wrath
  5 spectral centaurs (Crypt:3)
  17 merfolk sirens
  A spectral iron troll (Crypt:1)
  10 cyclopes
  A manticore (shapeshifter) (Vaults:1)
  A fire giant skeleton (Crypt:3)
  A stone giant skeleton (Crypt:1)
  15 vault sentinels
  3 centaur zombies
  6 guardian serpents
  9 rust devils
  Joseph (D:9)
  A dire elephant zombie (Crypt:2)
  7 elephants
  4 water nymphs (Shoals:4)
  3 eyes of devastation
  23 naga magi
  2 smoke demons (Depths:3)
  49 black mambas
  2 molten gargoyles (Lair:4)
  2 ice statues (Hell)
  An alligator snapping turtle zombie (Crypt:2)
  2 demonic crawlers
  2 orange demons
  Maggie (D:6)
  3 gargoyles
  A storm dragon simulacrum (Zot:3)
  3 unseen horrors
  18 cane toads
  3 kobold demonologists
  An unseen horror (shapeshifter) (Elf:2)
  A hellion (D:8)
  12 komodo dragons
  2 sea snake zombies (Hell)
  2 bunyip simulacra (Crypt:3)
  2 rime drakes
  3 efreet
  A komodo dragon (shapeshifter) (D:15)
  2 tormentors
  3 spectral deep trolls (Crypt:1)
  15 yaktaurs
  4 ice devils
  2 anaconda simulacra (IceCv)
  42 freezing wraiths
  An iron giant simulacrum (Crypt:3)
  3 golden dragon simulacra
  A green draconian skeleton (Crypt:3)
  A red devil (Hell)
  7 trolls
  34 merfolk
  A silent spectre (Abyss:2)
  An iron troll skeleton (Crypt:2)
  A queen bee (Gauntlet)
  6 meliai (Depths:2)
  A spectral harpy (Crypt:3)
  Grinder (D:3)
  2 polar bears
  3 saltlings (Orc:2)
  2 wind drakes
  A harpy skeleton (Crypt:2)
  8 blink frogs
  A hydra skeleton (Hell)
  17 dream sheep
  An ice dragon zombie (Crypt:2)
  A sphinx simulacrum (Depths:1)
  A raiju (shapeshifter) (Elf:2)
  A frost giant simulacrum (Zig:6)
  9 hornets
  An ettin zombie (Depths:1)
  A satyr zombie (Crypt:1)
  3 draconian simulacra (Zot:3)
  11 flying skulls
  A culicivora (shapeshifter) (Depths:3)
  20 snapping turtles
  23 water elementals
  A ynoxinul (Abyss:2)
  3 raiju
  3 wraiths
  2 air elementals (Elf:2)
  A shadow (Abyss:2)
  4 alligator skeletons
  A satyr skeleton (Crypt:1)
  5 vampires
  17 wyverns
  A black mamba skeleton (Crypt:1)
  7 small abominations
  92 slime creatures
  58 yaks
  A wyvern (shapeshifter) (Vaults:4)
  11 starcursed masses (Abyss:2)
  4 dire elephant simulacra (IceCv)
  Eustachio (D:4)
  5 golden eyes (Slime:2)
  4 basilisks
  2 fire elementals
  20 humans (D:14)
  4 steam dragons
  A chaos spawn (Abyss:2)
  11 redbacks
  An iron golem (WizLab)
  A faun zombie (Crypt:1)
  3 wargs (Orc:2)
  4 spatial vortices (Abyss:2)
  A minotaur simulacrum (IceCv)
  A swamp worm (shapeshifter) (Vaults:4)
  5 harpy simulacra (IceCv)
  3 vampire mosquitoes (D:12)
  An acid dragon (D:11)
  43 nagas
  16 water moccasins
  9 hell hounds
  A hydra simulacrum (Hell)
  Duvessa (D:5)
  3 ice beasts
  A naga skeleton (Crypt:1)
  An ice beast (shapeshifter) (Vaults:5)
  2 alligator simulacra
  18 orc warriors
  3 ettin simulacra (IceCv)
  2 sky beasts (D:7)
  3 centaurs
  12 ogres
  15 wolves
  A phantom (D:6)
  A hog skeleton (Crypt:3)
  A rime drake skeleton (Crypt:1)
  4 kobold brigands
  2 gnoll sergeants
  16 bullfrogs
  6 necrophages
  2 scorpions
  4 earth elementals
  14 wights
  A deep troll simulacrum (IceCv)
  A water moccasin skeleton (Crypt:1)
  Dowan (D:5)
  22 killer bees
  4 lindwurm simulacra (IceCv)
  A polar bear skeleton (Crypt:2)
  3 electric eels
  5 howler monkeys
  5 lava snakes (Lair:4)
  A quasit (Abyss:2)
  8 jellies
  A centaur skeleton (Crypt:3)
  A gnoll bouda (Orc:2)
  8 orc priests
  An iron imp (Abyss:2)
  Terence (D:3)
  3 iguanas
  A sleepcap (D:6)
  15 orc wizards
  16 adders
  24 gnolls
  A shadow imp (D:8)
  A white imp (D:5)
  3 ufetubi
  A worm zombie (Crypt:1)
  A worm (D:2)
  5 dart slugs
  64 orcs
  6 endoplasms
  3 giant cockroaches
  6 goblins
  5 hobgoblins
  9 quokkas
  8 ball pythons
  5 bats
  3 frilled lizards
  16 kobolds
  6 rats
  4 rat zombies
  3 fire vortices (Hell)
  3 pillars of salt (Orc:2)
2562 creatures vanquished.

Vanquished Creatures (collateral kills)
  A juggernaut (Depths:2)
  A balrug (D:13)
  A sun demon (D:13)
3 creatures vanquished.

Vanquished Creatures (others)
  A draconian knight (Zot:5)
  An ironbound preserver (Vaults:5)
  An ettin (Depths:2)
  2 swamp dragons (Zig:7)
  A deep elf archer (Elf:2)
  A human (Snake:1)
  A hell hound (Hell)
  39 fungi
  5 pillars of salt (Orc:2)
  126 plants
178 creatures vanquished.

Grand Total: 2743 creatures vanquished

Notes
Turn   | Place    | Note
-------+----------+-------------------------------------------
     0 | D:1      | Zonian the Vine Stalker Gladiator began the quest for the
                  | Orb.
     0 | D:1      | Reached XP level 1. HP: 11/11 MP: 2/2
   381 | D:1      | Reached XP level 2. HP: 15/15 MP: 3/3
   750 | D:2      | Reached XP level 3. HP: 10/18 MP: 2/4
   933 | D:2      | Reached skill level 1 in Stealth
  1385 | D:2      | Found a shimmering blue altar of Sif Muna.
  1524 | D:2      | Gained mutation: Your natural rate of healing is unusually
                  | fast. [Vine Stalker growth]
  1524 | D:2      | Reached XP level 4. HP: 23/23 MP: 5/5
  1628 | D:2      | Reached skill level 4 in Unarmed Combat
  1628 | D:2      | Reached XP level 5. HP: 28/28 MP: 6/6
  1891 | D:3      | Found a burning altar of Makhleb.
  1893 | D:3      | Noticed a cacodemon
  2028 | D:3      | Noticed Terence
  2075 | D:3      | Killed Terence
  2530 | D:3      | Noticed Grinder
  2557 | D:3      | Killed Grinder
  2558 | D:3      | Reached XP level 6. HP: 14/33 MP: 7/7
  3000 | D:4      | Found Wuim's Antique Weapon Shop.
  3152 | D:4      | Reached skill level 5 in Unarmed Combat
  3152 | D:4      | Reached XP level 7. HP: 11/37 MP: 2/8
  3581 | D:4      | Identified the +2 trident of Imbalance {venom, Str+5}
  3737 | D:4      | Reached skill level 5 in Stealth
  3986 | D:4      | Found Ufuit's Distillery.
  3994 | D:4      | Bought a potion of lignification for 33 gold pieces
  3994 | D:4      | Bought a potion of curing for 33 gold pieces
  4050 | D:4      | Found Reuff's Jewellery Shop.
  4289 | D:4      | Noticed Eustachio
  4312 | D:4      | Killed Eustachio
  4350 | D:5      | Entered Level 5 of the Dungeon
  4364 | D:5      | Gained mutation: You have razor-sharp teeth. [Vine Stalker
                  | growth]
  4364 | D:5      | Reached XP level 8. HP: 42/42 MP: 9/9
  4700 | D:5      | Found a hazy altar of Hepliaklqana.
  4710 | D:5      | Reached skill level 5 in Fighting
  4710 | D:5      | Reached skill level 6 in Unarmed Combat
  4816 | D:5      | Noticed Dowan
  4853 | D:5      | Killed Dowan
  4921 | D:5      | Noticed Duvessa
  4931 | D:5      | Killed Duvessa
  5607 | D:6      | Reached skill level 10 in Unarmed Combat
  5607 | D:6      | Reached XP level 9. HP: 53/53 MP: 10/10
  5627 | D:6      | Reached XP level 10. HP: 58/58 MP: 11/11
  5819 | D:6      | Found a snail-covered altar of Cheibriados.
  5897 | D:6      | Found an ancient bone altar of Kikubaaqudgha.
  5924 | D:6      | Noticed Maggie
  5951 | D:6      | Killed Maggie
  6381 | D:7      | Found an ornate altar of the Wu Jian Council.
  6460 | D:7      | Reached skill level 11 in Unarmed Combat
  7022 | D:7      | Reached skill level 10 in Fighting
  7375 | D:7      | Found a staircase to the Ecumenical Temple.
  7735 | Temple   | Entered the Ecumenical Temple
  7776 | Temple   | Became a worshipper of Ashenzari the Shackled
  7952 | D:7      | Noticed a rust devil
  7952 | D:7      | Noticed a rust devil
  8022 | D:8      | Reached skill level 1 in Evocations
  8390 | D:7      | Reached XP level 11. HP: 63/63 MP: 12/12
  8464 | D:8      | Found a sacrificial altar of Ru.
  9381 | D:9      | Noticed Joseph
  9507 | D:9      | Found a hide-covered altar of Uskayaw.
  9573 | D:9      | Reached * piety under Ashenzari
  9573 | D:9      | Identified a scroll of acquirement
  9574 | D:9      | Acquired 746 gold pieces
  9659 | D:4      | Bought the amulet "Fixu" {Reflect rElec rN+ Int+2 SH+5} for
                  | 733 gold pieces
  9914 | D:9      | Found a staircase to the Orcish Mines.
 10118 | D:9      | Reached skill level 5 in Throwing
 10387 | D:9      | Killed Joseph
 10515 | D:10     | Entered Level 10 of the Dungeon
 10629 | D:10     | Reached skill level 12 in Unarmed Combat
 10676 | D:10     | Reached ** piety under Ashenzari
 10712 | D:10     | Noticed a two-headed ogre
 10715 | D:10     | Noticed a two-headed ogre
 10824 | D:10     | Found a runed translucent gate.
 10824 | D:10     | Found a runed translucent gate.
 10824 | D:10     | Found a runed translucent gate.
 10824 | D:10     | Noticed ragingrage's ghost (novice OpWr)
 10826 | D:10     | Found a basalt altar of Yredelemnul.
 10987 | D:10     | Found a sparkling altar of Nemelex Xobeh.
 11020 | D:10     | Found a staircase to the Lair.
 11171 | Lair:1   | Entered Level 1 of the Lair of Beasts
 11547 | Lair:1   | Found a runed translucent door.
 11547 | Lair:1   | Found a shimmering altar of Xom.
 11547 | Lair:1   | Noticed Ystrotapp's ghost (journeyman MiFi)
 11547 | Lair:1   | Identified the Lessons on Lightning
 11549 | Lair:1   | Noticed a +2 scimitar of chaos
 11583 | Lair:1   | Reached XP level 12. HP: 25/73 MP: 13/13
 11732 | Lair:1   | Reached skill level 13 in Unarmed Combat
 12543 | Lair:2   | Reached *** piety under Ashenzari
 12596 | Lair:2   | Reached skill level 1 in Spellcasting
 12662 | Lair:2   | You fall into a shaft and drop 2 floors!
 12778 | Lair:4   | Noticed Urug
 12795 | Lair:4   | Killed Urug
 12891 | Lair:4   | Found a runed translucent door.
 12891 | Lair:4   | Found a staircase to the Slime Pits.
 13110 | Lair:4   | Reached **** piety under Ashenzari
 13725 | Lair:5   | Entered Level 5 of the Lair of Beasts
 13801 | Lair:5   | Reached skill level 14 in Unarmed Combat
 13889 | Lair:3   | Noticed a boulder beetle
 13894 | Lair:3   | Noticed a skyshark
 13993 | Lair:3   | Reached XP level 13. HP: 83/83 MP: 23/23
 14086 | Lair:3   | Reached skill level 1 in Armour
 14729 | Lair:2   | Noticed Amaemon
 14761 | Lair:2   | Killed Amaemon
 15204 | Lair:2   | Found a staircase to the Snake Pit.
 16203 | Lair:3   | Found a staircase to the Shoals.
 16593 | Lair:4   | Reached skill level 1 in Shields
 16849 | Lair:5   | Reached skill level 15 in Unarmed Combat
 16993 | Lair:5   | Reached XP level 14. HP: 87/89 MP: 24/24
 17476 | Lair:5   | Identified the +2 scale mail "Oreil" {rElec rF- rN++ Will+}
 17547 | Lair:5   | Reached ***** piety under Ashenzari
 18196 | D:10     | Found a radiant altar of Vehumet.
 18662 | D:11     | Found a gate leading to a gauntlet.
 18681 | Gauntlet | Entered a Gauntlet
 18681 | Gauntlet | Found a transporter.
 18681 | Gauntlet | Found a runed translucent door.
 18681 | Gauntlet | Found a transporter.
 18684 | Gauntlet | Found a runed translucent door.
 18695 | Gauntlet | Found a transporter.
 18722 | Gauntlet | Found a transporter.
 18725 | Gauntlet | Found a transporter.
 18725 | Gauntlet | Found a transporter.
 18728 | Gauntlet | Found a transporter.
 18816 | Gauntlet | Found a transporter.
 18836 | Gauntlet | Found a transporter.
 18843 | Gauntlet | Found a transporter.
 18874 | Gauntlet | Found a transporter.
 18902 | Gauntlet | Identified the ring of Jesiruun {rPois rF+ rC+ rN+}
 18902 | Gauntlet | Found a transporter.
 18902 | Gauntlet | Found a transporter.
 18933 | Gauntlet | Identified the amulet of the Tempest {Reflect Slay+2 SH+5}
 18970 | Gauntlet | Identified the +7 falchion of Peydghy {drain, Str+6 Int-3}
 19054 | D:11     | Identified the +1 pair of boots "Lidul" {rF+ Int+2}
 20070 | D:13     | Found a large runed translucent door.
 20071 | D:13     | Found a large runed translucent door.
 20071 | D:13     | Found a shimmering altar of Xom.
 20402 | D:13     | Reached XP level 15. HP: 88/99 MP: 24/29
 21136 | D:14     | Noticed Agnes
 21145 | D:14     | Killed Agnes
 21490 | D:14     | Reached skill level 5 in Evocations
 21539 | D:14     | Reached skill level 5 in Armour
 21539 | D:14     | Reached skill level 5 in Dodging
 21574 | D:14     | Found a gate to the Vaults.
 21796 | D:14     | Found a shimmering blue altar of Sif Muna.
 21835 | D:14     | Reached skill level 5 in Shields
 21984 | D:15     | Entered Level 15 of the Dungeon
 21988 | D:15     | Paralysed by an ogre mage for 5 turns
 22577 | D:15     | Found a staircase to the Depths.
 23309 | Orc:1    | Entered Level 1 of the Orcish Mines
 23396 | Orc:1    | Noticed Erica
 23406 | Orc:1    | Killed Erica
 23679 | Orc:2    | Entered Level 2 of the Orcish Mines
 23803 | Orc:2    | Found a staircase to the Elven Halls.
 24174 | Orc:2    | Reached XP level 16. HP: 105/105 MP: 31/31
 24263 | Orc:2    | Found Xocvatah's Antique Armour Shoppe.
 24300 | Orc:2    | Found Tohorchi's Assorted Antiques.
 24435 | Orc:2    | Found Ifraneo's Antique Weapon Shoppe.
 24463 | Orc:2    | Found Zeirurum's Assorted Antiques.
 24471 | Orc:2    | Bought a metallic puce potion for 29 gold pieces
 24471 | Orc:2    | Bought a scroll of fog for 132 gold pieces
 24875 | Snake:1  | Entered Level 1 of the Snake Pit
 25221 | Snake:1  | Identified the +3 tower shield "Qaful" {rPois rCorr SInv}
 25221 | Snake:1  | Noticed Louise
 25248 | Snake:1  | Killed Louise
 25248 | Snake:1  | Noticed Kirke
 25261 | Snake:1  | Killed Kirke
 25853 | Snake:2  | Found the dreamshard necklace {*Dream Drain}
 26589 | Snake:2  | Noticed a nagaraja
 26601 | Snake:2  | Killed a nagaraja
 26832 | Snake:2  | Found Xioxzo's Mass Market.
 27096 | Snake:3  | Found Deshrun's Specific Store.
 27099 | Snake:3  | Found Juephulo's General Store.
 27140 | Snake:3  | Bought a scroll of enchant armour for 120 gold pieces
 27145 | Snake:3  | Bought 5 atropa-tipped darts for 90 gold pieces
 27192 | Snake:3  | Found Lodued's Assorted Antiques.
 27194 | Snake:3  | Found Moisat's General Store.
 27196 | Snake:3  | Found Zowy's Armour Shoppe.
 27200 | Snake:3  | Bought a wand of mindburst (3) for 105 gold pieces
 27257 | Snake:3  | Reached XP level 17. HP: 107/107 MP: 31/31
 27272 | Snake:3  | Bought a +2 cloak of willpower for 322 gold pieces
 27274 | Snake:3  | Bought a potion of cancellation for 112 gold pieces
 27626 | Snake:3  | Found a sparkling altar of Nemelex Xobeh.
 27660 | Snake:3  | Reached skill level 10 in Throwing
 27946 | Snake:4  | Entered Level 4 of the Snake Pit
 28147 | Snake:4  | Reached skill level 5 in Spellcasting
 28309 | Snake:4  | Found a frozen archway.
 28317 | Snake:4  | Found Zethonam's Assorted Antiques.
 28322 | Snake:4  | Bought a potion of resistance for 360 gold pieces
 28332 | IceCv    | Entered an ice cave
 28861 | IceCv    | Noticed a lich
 28871 | IceCv    | Killed a lich
 28872 | IceCv    | Reached skill level 10 in Shields
 29215 | IceCv    | Found an ancient bone altar of Kikubaaqudgha.
 30022 | Snake:4  | Got a serpentine rune of Zot
 30046 | Snake:4  | Reached XP level 18. HP: 110/112 MP: 37/37
 30245 | Snake:4  | Reached skill level 16 in Unarmed Combat
 30986 | Shoals:1 | Entered Level 1 of the Shoals
 31061 | Shoals:1 | Found Senerif's Jewellery Shoppe.
 31917 | Shoals:1 | Reached skill level 15 in Fighting
 32312 | Shoals:2 | Noticed Ilsuiw
 32391 | Shoals:2 | Killed Ilsuiw
 33804 | Shoals:4 | Entered Level 4 of the Shoals
 33804 | Shoals:4 | Identified the +8 hand axe "Beetleslayer" {flame, rN+}
 34213 | Shoals:4 | Got a barnacled rune of Zot
 34348 | Shoals:4 | Reached XP level 19. HP: 119/119 MP: 38/38
 34462 | Shoals:4 | Reached skill level 17 in Unarmed Combat
 34531 | Shoals:4 | Identified the staff of air "Egrekhix" {Drain rElec rPois
                  | rC+ Stlth+}
 34877 | Abyss:2  | Cast into level 2 of the Abyss (merfolk impaler)
 35009 | Abyss:2  | Found a corrupted altar of Lugonu.
 35205 | Abyss:2  | Found a corrupted altar of Lugonu.
 35223 | Abyss:2  | Found a corrupted altar of Lugonu.
 35566 | Shoals:4 | Escaped the Abyss
 36102 | Elf:1    | Entered Level 1 of the Elven Halls
 36282 | Elf:1    | Found a flickering gateway to a bazaar.
 36295 | Bazaar   | Entered a bazaar
 36299 | Bazaar   | Found Odaq Asys's Jewellery Boutique.
 36318 | Bazaar   | Found Ypsaiw's Antique Armour Emporium.
 36323 | Bazaar   | Bought a fine scale mail for 135 gold pieces
 36323 | Bazaar   | Identified the +7 scale mail of the Devil's Team {Fly Dex+4
                  | Stlth-} (You bought it in a shop in a bazaar)
 36336 | Bazaar   | Found Xaij's Book Boutique.
 36358 | Bazaar   | Found Puzige's Antique Weapon Shoppe.
 37027 | Elf:1    | Identified the Tractate on the Shot
 37226 | Elf:2    | Paralysed by an air elemental for 1 turns
 37325 | Elf:2    | Found a runed translucent gate.
 37325 | Elf:2    | Found a runed translucent gate.
 37325 | Elf:2    | Found a runed translucent gate.
 37372 | Elf:2    | Reached skill level 10 in Evocations
 37481 | Elf:2    | Found a portal to a secret trove of treasure.
 37511 | Elf:2    | Paralysed by an air elemental for 1 turns
 37514 | Elf:2    | Paralysed by an air elemental for 1 turns
 37518 | Elf:2    | Paralysed by an air elemental for 1 turns
 37697 | Elf:2    | Found a magical portal.
 37710 | WizLab   | Entered Cigotuvi's Fleshworks
 37938 | WizLab   | Gained mutation: You have hidden genetic defects.
                  | [mutagenic glow]
 37953 | Elf:2    | Gained mutation: Your body sometimes deteriorates upon
                  | taking damage. [mutagenic glow]
 37969 | Elf:2    | Gained mutation: Your body often deteriorates upon taking
                  | damage. [mutagenic glow]
 38099 | Elf:3    | Entered Level 3 of the Elven Halls
 38099 | Elf:3    | Found Bioh's Armour Shop.
 38171 | Elf:3    | Found Tiosh's Jewellery Emporium.
 38172 | Elf:3    | Found Taedd's Book Shop.
 38174 | Elf:3    | Found Xosmao's Jewellery Emporium.
 38404 | Elf:3    | Noticed Mara
 38420 | Elf:3    | Noticed Zonian's illusion
 38424 | Elf:3    | Killed Mara
 38504 | Elf:3    | Reached XP level 20. HP: 126/126 MP: 39/39
 38854 | Elf:3    | Gained mutation: Armour fits poorly on your strangely
                  | shaped body. [hidden defects]
 38989 | Elf:3    | Identified the +10 battleaxe of Terra Cotta {speed, rElec
                  | Will+ rCorr Dex+2}
 38989 | Elf:3    | Identified the amulet of the Messenger {RegenMP rC+ rN++
                  | Str+2 Int-2}
 39220 | Elf:3    | Reached skill level 18 in Unarmed Combat
 39411 | Elf:3    | Identified the ring "Oxtiheq" {rC+ Int+6}
 39518 | Elf:3    | Identified Valautz's Tome of Angles
 39519 | Elf:3    | Identified the +11 rapier "Foroun" {heavy, rN+ rCorr}
 39523 | Elf:3    | Identified the +1 quarterstaff of Maakla {drain, rCorr
                  | Str+5}
 39524 | Elf:3    | Identified the +8 war axe of Luxury {drain, rC+}
 39525 | Elf:3    | Found the +3 Mad Mage's Maulers {Infuse+∞ VampMP -Cast}
 39525 | Elf:3    | Identified the staff of conjuration "Tatt" {rN+ Int+4 Dex+3
                  | SInv}
 40412 | Vaults:1 | Entered Level 1 of the Vaults
 40752 | Vaults:1 | Gained mutation: Your spells are a little easier to cast,
                  | but a little less powerful. [hidden defects]
 40752 | Vaults:1 | Lost mutation: You have hidden genetic defects. [hidden
                  | defects expressed]
 41576 | Vaults:1 | Found Pureto's Antique Armour Shoppe.
 41584 | Vaults:1 | Bought a shiny scale mail for 196 gold pieces
 41674 | Vaults:1 | Found a huge runed gate.
 41674 | Vaults:1 | Found a huge runed gate.
 41674 | Vaults:1 | Found a huge runed gate.
 41675 | Vaults:1 | Found a huge runed gate.
 41675 | Vaults:1 | Found a huge runed gate.
 41676 | Vaults:1 | Found a huge runed gate.
 41676 | Vaults:1 | Found a huge runed gate.
 41676 | Vaults:1 | Found a huge runed gate.
 41676 | Vaults:1 | Found a huge runed gate.
 41676 | Vaults:1 | Found a huge runed gate.
 41677 | Vaults:1 | Found a huge runed gate.
 41678 | Vaults:1 | Found a huge runed gate.
 41679 | Vaults:1 | Found a huge runed gate.
 41680 | Vaults:1 | Found a huge runed gate.
 42576 | Vaults:1 | Noticed an iron giant
 43572 | Orc:2    | Bought a pair of glowing gloves for 217 gold pieces
 43593 | Orc:2    | Upgraded the game from 0.30-a0-989-g0d87f670db to
                  | 0.30-a0-1016-gfb0d676c02
 44173 | Vaults:2 | Found a transporter.
 44173 | Vaults:2 | Identified the +0 pair of gloves of Adwonei {Int+3}
 44185 | Vaults:2 | Found a transporter.
 44618 | Vaults:2 | Reached skill level 10 in Spellcasting
 44622 | Vaults:2 | Reached XP level 21. HP: 125/131 MP: 38/41
 46067 | Vaults:3 | Found a staircase to the Crypt.
 47075 | Vaults:4 | Reached skill level 19 in Unarmed Combat
 47165 | Vaults:4 | Noticed a golden dragon
 47166 | Vaults:4 | Identified the +7 quarterstaff "Zamiam" {spect, rN+ Int-4
                  | Stlth+}
 47182 | Vaults:4 | Reached skill level 10 in Armour
 47206 | Vaults:4 | Killed a golden dragon
 47463 | Vaults:4 | Identified the +1 robe "Beofopp" {rN++}
 47500 | Vaults:4 | Identified the staff of poison "Wareh" {rPois rC+ rN+ Str-4
                  | Dex+4}
 48236 | Vaults:4 | Reached XP level 22. HP: 64/138 MP: 43/43
 48958 | D:14     | Lost mutation: Your spells are a little easier to cast, but
                  | a little less powerful. [potion of mutation]
 48958 | D:14     | Lost mutation: Armour fits poorly on your strangely shaped
                  | body. [potion of mutation]
 48958 | D:14     | Gained mutation: You occasionally shout uncontrollably at
                  | your foes. [potion of mutation]
 49030 | D:13     | Lost mutation: You occasionally shout uncontrollably at
                  | your foes. [potion of mutation]
 49030 | D:13     | Lost mutation: Your body often deteriorates upon taking
                  | damage. [potion of mutation]
 49030 | D:13     | Gained mutation: You are dopey. (Int -2) [potion of
                  | mutation]
 49446 | Vaults:5 | Entered Level 5 of the Vaults
 49894 | Vaults:5 | Noticed a golden dragon
 49906 | Vaults:5 | Noticed an ancient lich
 49910 | Vaults:5 | Killed a golden dragon
 49917 | Vaults:5 | Killed an ancient lich
 50058 | Vaults:5 | Identified the +4 scale mail "Miahuxix" {rElec}
 50178 | Vaults:5 | Identified the Tome of Repulsive Transmutation
 50209 | Vaults:5 | Identified the +3 robe of Courage {-Tele +Inv rPois Stlth+}
 50358 | Vaults:5 | Reached skill level 15 in Throwing
 50634 | Vaults:5 | Noticed a golden dragon
 50636 | Vaults:5 | Noticed an ancient lich
 50642 | Vaults:5 | Reached skill level 20 in Unarmed Combat
 50645 | Vaults:5 | Killed a golden dragon
 50649 | Vaults:5 | Killed an ancient lich
 50794 | Vaults:5 | Got a silver rune of Zot
 50882 | Vaults:5 | Identified the ring "Ziadagg" {*Slow rF+ rN+ Will+ SInv}
 50896 | Vaults:5 | Reached XP level 23. HP: 37/144 MP: 45/45
 51648 | Vaults:5 | Identified the +3 great sword of Plague {freeze, rPois rC+
                  | Str+3}
 51769 | Vaults:5 | Identified the +0 troll leather armour of Hobaol {Regen+
                  | Int+5 Dex+3}
 51869 | Vaults:5 | Identified Begeohont's Notes on the Entourage
 53362 | Depths:1 | Entered Level 1 of the Depths
 54449 | Depths:1 | Noticed Bai Suzhen
 54457 | Depths:1 | Killed Bai Suzhen
 54543 | Depths:1 | Found a gateway to Hell.
 54588 | Depths:1 | Found Idolien's Island Escapes.
 54909 | Depths:2 | Reached skill level 21 in Unarmed Combat
 54955 | Depths:2 | Noticed a juggernaut
 54963 | Depths:2 | Noticed a juggernaut
 54982 | Depths:2 | Killed a juggernaut
 55283 | Depths:2 | Noticed a caustic shrike
 55294 | Depths:2 | Killed a caustic shrike
 55536 | Depths:2 | Noticed a juggernaut
 55546 | Depths:2 | Killed a juggernaut
 55547 | Depths:2 | Reached XP level 24. HP: 103/149 MP: 43/43
 55609 | Depths:2 | Found a one-way gate leading to the halls of Pandemonium.
 55609 | Depths:2 | Noticed a juggernaut
 55629 | Depths:2 | Identified the +1 leather armour of the Gnashing Gods
                  | {Str+6 Int+2}
 55651 | Depths:2 | Identified Yrere's Tome of the Lofty Comitatus
 55651 | Depths:2 | Identified the +4 great mace "Ivohiwoirr" {flame, Drain
                  | rPois rF+ Stlth+}
 55798 | Depths:2 | Killed a juggernaut
 55859 | Depths:2 | Identified the ring "Moliseb" {rPois Will++ rCorr Slay+2
                  | Stlth+}
 56027 | Depths:2 | Killed a juggernaut
 57346 | Depths:3 | Found a one-way gate to the infinite horrors of the Abyss.
 57392 | Depths:3 | Noticed a juggernaut
 57400 | Depths:3 | Killed a juggernaut
 57411 | Depths:3 | Reached skill level 22 in Unarmed Combat
 57961 | Depths:3 | Found a runed translucent gate.
 57961 | Depths:3 | Found a runed translucent gate.
 57961 | Depths:3 | Found a runed translucent gate.
 57966 | Depths:3 | Noticed a dread lich
 58167 | Depths:3 | Identified the +0 ring mail "Ciprugru" {rF+ Regen+}
 58475 | Depths:3 | Found a one-way gateway to a ziggurat.
 58584 | Depths:3 | Found a runed translucent gate.
 58584 | Depths:3 | Found a runed translucent gate.
 58584 | Depths:3 | Found a runed translucent gate.
 58944 | Depths:4 | Entered Level 4 of the Depths
 59232 | Depths:4 | Found a gate to the Realm of Zot.
 59391 | Depths:4 | Noticed a juggernaut
 59407 | Depths:4 | Killed a juggernaut
 59457 | Depths:4 | Reached XP level 25. HP: 145/156 MP: 40/43
 60732 | Crypt:1  | Entered Level 1 of the Crypt
 61842 | Crypt:2  | Reached skill level 15 in Shields
 61954 | Crypt:2  | Reached skill level 23 in Unarmed Combat
 62091 | Crypt:2  | Acquired a manual of Armour
 62470 | Crypt:3  | Entered Level 3 of the Crypt
 62474 | Crypt:3  | Upgraded the game from 0.30-a0-1016-gfb0d676c02 to
                  | 0.30-a0-1018-g25214051b3
 62880 | Crypt:3  | Noticed Boris
 62901 | Crypt:3  | Killed Boris
 64040 | Crypt:3  | Identified the +6 glaive of Equilibrium {vamp, *Slow rPois
                  | rF+++}
 64179 | Crypt:3  | Identified Jaruijeq's Compendium of Wicked Rites
 64457 | Crypt:3  | Found a staircase to the Tomb.
 64529 | Crypt:3  | Found a shadowy altar of Dithmenos.
 64529 | Crypt:3  | Identified the +3 hat of Tonas {rC- Int+5}
 64631 | Crypt:3  | Reached XP level 26. HP: 165/165 MP: 44/44
 65605 | Lair:4   | Reached skill level 24 in Unarmed Combat
 65731 | Slime:1  | Entered Level 1 of the Pits of Slime
 65979 | Slime:3  | Noticed Dissolution
 65989 | Slime:3  | Killed Dissolution
 66409 | Slime:5  | Entered Level 5 of the Pits of Slime
 66692 | Slime:5  | Noticed the Royal Jelly
 66944 | Slime:5  | Killed the Royal Jelly
 66986 | Slime:5  | Identified the Compilation of Creative Electrocution
 66986 | Slime:5  | Identified the Anthology of Last Rites
 67045 | Slime:5  | Identified the +4 morningstar "Goblinbane" {venom, rF- rN+
                  | Str-2 Dex+8}
 67167 | Slime:5  | Identified Sif Muna's Grimoire of the Maledictive Quarry
 67175 | Slime:5  | Got a slimy rune of Zot
 67718 | Zot:1    | Entered Level 1 of the Realm of Zot
 68101 | Zot:1    | Learned a level 4 spell: Dispel Undead
 68232 | Zot:1    | Reached skill level 1 in Necromancy
 69322 | Zot:2    | Noticed a Killer Klown
 69330 | Zot:2    | Killed a Killer Klown
 69361 | Zot:2    | Reached skill level 5 in Necromancy
 69361 | Zot:2    | Reached XP level 27. HP: 166/174 MP: 44/46
 69378 | Zot:2    | Noticed a dread lich
 69378 | Zot:2    | Noticed an ancient lich
 69378 | Zot:2    | Noticed an orb of fire
 69392 | Zot:2    | Killed an orb of fire
 69403 | Zot:2    | Killed an ancient lich
 69408 | Zot:2    | Killed a dread lich
 69708 | Zot:2    | Found the +4 dragonskin cloak
 69708 | Zot:2    | Noticed Tiamat
 70639 | Zot:2    | Killed Tiamat
 71144 | Zot:3    | Identified the ring "Goepset" {Ice Str+3 Dex+6}
 71144 | Zot:3    | Noticed Josephina
 71513 | Zot:3    | Killed Josephina
 71676 | Zot:3    | Noticed Parghit
 71680 | Zot:3    | Noticed an orb of fire
 71694 | Zot:3    | Noticed an orb of fire
 71926 | Zot:4    | Upgraded the game from 0.30-a0-1018-g25214051b3 to
                  | 0.30-a0-1043-g60ff8d5f49
 72705 | Zot:4    | Reached skill level 15 in Evocations
 72965 | Zot:4    | Killed an orb of fire
 74414 | Zot:3    | Gained mutation: You sometimes lose your temper in combat.
                  | [an orb of fire]
 74415 | Zot:3    | Gained mutation: You occasionally shout uncontrollably at
                  | your foes. [an orb of fire]
 74419 | Zot:3    | Killed an orb of fire
 74480 | Zot:3    | Killed Parghit
 75686 | Zig:1    | Entered Level 1 of a ziggurat
 75690 | Zig:1    | Reached skill level 15 in Armour
 75708 | Zig:2    | Entered Level 2 of a ziggurat
 75748 | Zig:3    | Entered Level 3 of a ziggurat
 75788 | Zig:4    | Entered Level 4 of a ziggurat
 75794 | Zig:4    | Identified the +1 pair of gloves "Poakan" {Str+5 Dex+3}
 75794 | Zig:4    | Found the +13 scythe of Curses {drain, curses, Drain}
 75802 | Zig:4    | Reached skill level 10 in Necromancy
 76052 | Zig:5    | Entered Level 5 of a ziggurat
 76237 | Zig:6    | Entered Level 6 of a ziggurat
 76245 | Zig:6    | Identified the Vellum of the Tectonic Band
 76245 | Zig:6    | Identified the staff of cold "Dyabilus" {rC+ rCorr}
 76586 | Zig:7    | Entered Level 7 of a ziggurat
 76858 | Hell     | Entered the Vestibule of Hell
 76858 | Hell     | Noticed Geryon
 77065 | Hell     | Killed Geryon
 77747 | Hell     | Found a gateway to the ashen valley of Gehenna.
 77819 | Hell     | Found a gateway to the Iron City of Dis.
 77923 | Hell     | Found a gateway to the decaying netherworld of Tartarus.
 77925 | Hell     | Reached skill level 10 in Dodging
 78578 | Hell     | Found a gateway to the freezing wastes of Cocytus.
 78891 | Zot:5    | Entered Level 5 of the Realm of Zot
 79899 | Lair:4   | Lost mutation: You occasionally shout uncontrollably at
                  | your foes. [potion of mutation]
 79899 | Lair:4   | Lost mutation: You sometimes lose your temper in combat.
                  | [potion of mutation]
 79899 | Lair:4   | Gained mutation: You are partially covered in iridescent
                  | scales. (AC +2) [potion of mutation]
 79899 | Lair:4   | Gained mutation: Your spells are a little easier to cast,
                  | but a little less powerful. [potion of mutation]
 80764 | Zot:5    | Noticed an ancient lich
 80774 | Zot:5    | Killed an ancient lich
 81027 | Zot:5    | Noticed an orb of fire
 81032 | Zot:5    | Noticed an ancient lich
 81032 | Zot:5    | Gained mutation: You sometimes lose your temper in combat.
                  | [an orb of fire]
 81033 | Zot:5    | Gained mutation: You are frail. (-10% HP) [an orb of fire]
 81034 | Zot:5    | Gained mutation: You are very frail. (-20% HP) [an orb of
                  | fire]
 81035 | Zot:5    | Killed an orb of fire
 81043 | Zot:5    | Killed an ancient lich
 81530 | Zot:5    | Noticed an orb of fire
 81535 | Zot:5    | Noticed a dread lich
 81536 | Zot:5    | Gained mutation: Your magical capacity is low. (-10% MP)
                  | [an orb of fire]
 81542 | Zot:5    | Killed an orb of fire
 81549 | Zot:5    | Killed a dread lich
 81575 | Zot:5    | Noticed an orb of fire
 81576 | Zot:5    | Got the Orb of Zot
 82278 | D:$      | Escaped with the Orb!

Illustrated notes

Levels and vault maps discovered:
D:1:      shiori_arrival_maze, layout_rooms
D:2:      minmay_spotlight, layout_rooms, basic_altar, minmay_snake_closets
D:3:      minmay_angry_zag, layout_rooms, makhleb_altar_promises_db,
          guppyfry_early_lair_pool, uniq_terence, uniq_grinder
D:4:      layout_loops_corners, serial_shops, shop, shop_fountains, shop,
          minmay_misc_feat_tiny, uniq_eustachio
D:5:      layout_loops_ring, nicolae_hepliaklqana_hazy_memory, uniq_duvessa
D:6:      layout_rooms, lemuel_zombie_altar_kikubaaqudgha, lemuel_tele_altar,
          amcnicky_mini_corridor_feature, uniq_maggie
D:7:      cheibrodos_iron_armory, layout_loops_corners,
          mainiacjoe_overflow_brackets, minmay_temple_entry_drinking_statues,
          nicolae_benzene_ring
D:8:      layout_gridville, mainiacjoe_overflow_alcove_2
D:9:      cheibrodos_helix_gallery, layout_cave_pods,
          mainiacjoe_overflow_alcove_4, orc_0_dummy, uniq_joseph
D:10:     layout_loops_corners, nicolae_yredelemnul_ghost_church,
          mainiacjoe_overflow_chevrons, vehumet_statue, david_lair_shrubbed
D:11:     layout_rooms, gauntlet_entry_generic, serial_glass, glass_columns_a,
          glass_columns_a, glass_columns_b, glass_columns_b, glass_columns_c,
          glass_columns_a, glass_columns_c, glass_columns_a, feat_on_display
D:12:     layout_basic, st_stairs_10
D:13:     due_chaos_kobolds, layout_grid_maze
D:14:     layout_long_grid, grunt_vaults_entry_tiered, lemuel_blue_sif_altar,
          uniq_agnes
D:15:     grunt_enter_depths_giant_problem, layout_layer_cave,
          hangedman_decor_points
Temple:   hellmonk_temple_flake
Lair:1:   layout_long_grid, ebering_ghost_xom, grunt_megastairs_5,
          serial_bayou_shore_a, serial_bayou_shore_b
Lair:2:   layout_cave_pods, minmay_snake_entry_guardpost_medium, minivault_27,
          uniq_amaemon
Lair:3:   layout_chaotic_city, minmay_shoals_entry_hut, grunt_megastairs_1,
          infiniplex_staircase_pool
Lair:4:   cheibrodos_magma_flow, layout_regular_city, slime_entry_2,
          lemuel_fruit_fields, uniq_urug
Lair:5:   hangedman_lair_tendril_chambers, layout_loops_ring,
          chequers_serial_rivers_marsh
Shoals:1: layout_shoals, serial_shops, nicolae_diamond_shop,
          nicolae_shoals_seven_spires, nicolae_shoals_goliath_grotto
Shoals:2: layout_shoals, uniq_ilsuiw
Shoals:3: layout_shoals, nicolae_shoals_water_booths
Shoals:4: shoals_end_simple, layout_shoals
Snake:1:  layout_gridlike, nicolae_snake_boneroom, uniq_louise, uniq_kirke
Snake:2:  layout_honeycomb, minmay_shop_mass, fake_guardian_serpent_vault
Snake:3:  layout_onion, basic_altar, nicolae_specific_store, minmay_shop_star
Snake:4:  snake_pit, layout_chambers, portal_ice_cave_entry_pillars_2,
          serial_shops, shop, grunt_megastairs_4, lemuel_fruit_tree,
          serial_bayou_shore_b
Slime:1:  layout_caves
Slime:2:  layout_caves, nicolae_slime_welcoming_committee
Slime:3:  layout_caves, dissolution_awaits
Slime:4:  layout_caves
Slime:5
Orc:1:    layout_caves, uniq_erica
Orc:2:    hellmonk_orc_salted, layout_diamond_mine, basic_altar
Elf:1:    eino_elf_arrival_sip, layout_geoelf_octagon, serial_shops,
          bzr_entry_road, minmay_elf_annihilation
Elf:2:    elven_hall_of_blades_hangedman_original [mumra_blade_entry_dagger],
          layout_geoelf_grid, nicolae_trove_entry_diagonal, mu_enter_wizlab_6
Elf:3:    minmay_elf_hall_statues, layout_loops_cross, serial_shops,
          nicolae_shop_hallway_stairs, nicolae_elf_stone_circles,
          minmay_shop_grove, uniq_mara
Vaults:1: hangedman_vaults_snaps, vaults_dpeg_diagonal, door_vault,
          nicolae_vaults_little_squares_3, grunt_vaults_hallway_short,
          nicolae_vaults_network_star, vaults_dpeg_emergency_exit, v_misc_30,
          vaults_room_corners, v_misc_18, nicolae_vaults_shelves_hall,
          v_misc_19, v_misc_22, v_misc_30, layout_vaults_ring, serial_shops,
          shop
Vaults:2: hangedman_vaults_impose, nicolae_vaults_little_squares_5,
          v_alt_pattern_1, nicolae_vaults_windows_and_doors_thing, v_pattern_4,
          serial_ice_h, vaults_room_large_hall, ontoclasm_vaults_idyll,
          gammafunk_sealed_arena, v_misc_19, nicolae_vaults_network_square,
          nicolae_vaults_big_angled_halls, vaults_room_semicircle,
          vaults_dpeg_encased_lava, ontoclasm_vaults_tryst,
          layout_vaults_omnibox
Vaults:3: minmay_crypt_entry_simple_statues, ontoclasm_vaults_spin, v_misc_13,
          nicolae_vaults_specimen_jars, v_misc_5, ontoclasm_vaults_twist,
          nicolae_vaults_little_ls, v_misc_15, nicolae_vaults_statue_guard,
          layout_vaults_omnicross
Vaults:4: st_greater_box_2, v_misc_26, v_alt_pattern_4,
          ontoclasm_vaults_gateway, dpeg_vaults_monster_box,
          layout_vaults_chaotic_city
Vaults:5
Crypt:1:  layout_chaotic_city, skrybe_necro_troll_2, grunt_crypt_arrival_webbed
Crypt:2:  layout_gridlike, corexii_hall_statues_l
Crypt:3:  due_elkab, layout_chaotic_city, nicolae_nh_vlads_tower, uniq_boris
Depths:1: layout_roguey, kennysheep_small_spiral, hell_entry,
          minmay_misc_feat_alley, nicolae_island_escapes,
          nicolae_triple_integral, uniq_bai_suzhen
Depths:2: box_level_dp, hell_entry, pan_entry
Depths:3: kennysheep_treasure_stockpile, layout_long_grid, enter_ziggurat_d,
          lightli_too_deep, serial_bayou, serial_bayou_pond_b,
          serial_bayou_pond_b, serial_bayou_lagoon_a, serial_bayou_shore_b,
          abyss_entry, minivault_16, minmay_staircase_bubble
Depths:4: grunt_zot_entry_pinwheel, layout_honeycomb, abyss_entry_crystal,
          grunt_hell_entry_dis_grunt, grunt_decor_cap,
          grunt_pan_entry_in_and_out
Hell
Zot:1:    layout_basic, grunt_megastairs_3
Zot:2:    grunt_deathspiral_small, layout_concentric_octagons, uniq_tiamat
Zot:3:    grunt_zot_stairs_mandelzot, layout_concentric_octagons,
          uniq_josephina, uniq_parghit
Zot:4:    layout_cathedral_of_symmetry
Zot:5:    layout_cathedral_of_symmetry, st_stairs_6, grunt_ministairs_10,
          hangedman_zot_decor_slant

Skill      XL: |  1  2  3  4  5  6  7  8  9 10 11 12 13 14 15 16 17 18 19 20 21 22 23 24 25 26 27 |
---------------+----------------------------------------------------------------------------------+-----
Fighting       | 2 3 4 9 10 11 12 13 14 15 16 17 18 19 20 22 | 22.9
Throwing       | 2 3 4 5 7 9 10 11 12 13 14 15 16 | 16.3
Stealth        | 1 2 4 6 7 9 |  9.0
Unarmed Combat | 4 5 10 11 12 14 15 16 17 18 19 20 21 22 23 24 | 24.7
Evocations     | 1 3 4 6 8 10 11 12 16 | 16.0
Spellcasting   | 3 4 9 10 11 12 13 | 13.0
Armour         | 3 4 6 7 8 10 12 13 18 | 18.0
Dodging        | 3 4 6 13 | 13.8
Shields        | 3 4 6 8 11 12 14 15 | 15.0
Necromancy     | 5 11 | 11.8

Action                     |  1- 3 |  4- 6 |  7- 9 | 10-12 | 13-15 | 16-18 | 19-21 | 22-24 | 25-27 || total
---------------------------+-------+-------+-------+-------+-------+-------+-------+-------+-------++-------
  Melee: Unarmed           |   107 |   123 |   202 |   640 |   960 |  1402 |  1380 |  1336 |  2337 ||  8487
         Bite              |    16 |    33 |    64 |   200 |   353 |   591 |   608 |   686 |  1307 ||  3858
         Punch             |     3 |     2 |     8 |    52 |    51 |       |       |       |       ||   116
  Throw: Throwing net      |       |     2 |       |     2 |       |       |       |       |     3 ||     7
         Dart              |       |     6 |    36 |    68 |    50 |    68 |     5 |     5 |     1 ||   239
         Javelin           |       |       |     3 |     3 |       |       |     1 |     3 |    49 ||    59
         Boomerang         |       |       |       |     1 |       |   123 |   172 |   189 |   247 ||   732
   Cast: Dispel Undead     |       |       |       |       |       |       |       |       |     2 ||     2
 Invoke: Curse Item        |       |       |       |     6 |     4 |     2 |     1 |       |     6 ||    19
         Shatter the Chain |       |       |       |       |     1 |     2 |     1 |     3 |     3 ||    10
  Evoke: Wand              |       |     4 |     1 |     8 |     6 |    10 |    13 |     5 |     7 ||    54
         Tin of tremorston |       |       |       |       |     4 |     5 |     2 |     1 |     5 ||    17
         Condenser vane    |       |       |       |       |     2 |     2 |     3 |     4 |     4 ||    15
         Lightning rod     |       |       |       |       |       |       |     2 |       |     1 ||     3
         Phantom mirror    |       |       |       |       |       |       |       |     1 |       ||     1
         Phial of floods   |       |       |       |       |       |       |       |     1 |     1 ||     2
         Horn of Geryon    |       |       |       |       |       |       |       |       |     1 ||     1
    Use: Scroll            |     1 |     7 |     7 |     8 |     3 |     3 |    16 |    12 |    18 ||    75
         Potion            |       |       |     1 |     1 |       |     1 |     3 |     8 |    14 ||    28
   Stab: Sleeping          |     1 |     1 |     2 |     7 |    18 |    25 |    28 |     3 |       ||    85
         Distracted        |       |       |     2 |     2 |     5 |     2 |     5 |     3 |       ||    19
         Invisible         |       |       |     1 |       |     3 |       |       |       |       ||     4
         Paralysed         |       |       |       |     1 |     2 |       |       |       |       ||     3
         Petrified         |       |       |       |       |       |       |     2 |       |       ||     2
         Fleeing           |       |       |       |       |       |       |     1 |       |       ||     1
         Held in net/web   |       |       |       |       |       |       |       |       |     1 ||     1
 Armour: Leather armour    |    18 |       |       |       |       |       |       |       |       ||    18
         Scale mail        |    11 |    46 |    73 |   237 |    48 |       |       |       |       ||   415
         Ring mail         |       |       |       |       |   179 |   254 |   178 |   115 |       ||   726
         Gold dragon scale |       |       |       |       |       |       |       |   229 |   744 ||   973
  Dodge: Dodged            |    49 |    62 |    97 |   284 |   464 |   626 |   441 |   385 |   683 ||  3091
  Block: Other             |       |       |       |    79 |    74 |       |       |       |       ||   153
         Reflection        |       |       |       |     1 |     8 |   143 |    68 |    40 |    41 ||   301
         Kite shield       |       |       |       |       |   391 |  1318 |   943 |   424 |       ||  3076
         Tower shield      |       |       |       |       |       |       |       |   741 |  2544 ||  3285

Table legend: (Time is in decaauts)
 A = Elapsed time spent in this place.
 B = Non-inter-level travel time spent in this place.
 C = Inter-level travel time spent in this place.
 D = Time resting spent in this place.
 E = Time spent auto-exploring this place.
 F = Levels seen in this place.
 G = Mean time per level.
                   A        B        C        D        E       F      G
               +--------+--------+--------+--------+--------+-----+--------+
         Total |  80500 |  71991 |   8509 |  17733 |  29382 |  69 | 1166.7 |
       Dungeon |  18786 |  15353 |   3433 |   3231 |   7599 |  15 | 1252.4 |
        Temple |     52 |     41 |     11 |      0 |     28 |   1 |   52.0 |
          Lair |   6929 |   5838 |   1091 |    660 |   2651 |   5 | 1385.8 |
        Shoals |   4466 |   4250 |    216 |    651 |   1718 |   4 | 1116.5 |
     Snake Pit |   4866 |   4597 |    269 |    357 |   2399 |   4 | 1216.5 |
    Slime Pits |   1397 |   1345 |     52 |    566 |      0 |   5 |  279.4 |
  Orcish Mines |   1666 |   1424 |    242 |     79 |    899 |   2 |  833.0 |
   Elven Halls |   3554 |   3472 |     82 |    570 |   1510 |   3 | 1184.7 |
        Vaults |  11536 |  10156 |   1380 |   2679 |   4445 |   5 | 2307.2 |
         Crypt |   4336 |   4168 |    168 |    888 |   1532 |   3 | 1445.3 |
        Depths |   8507 |   7685 |    822 |   2616 |   3132 |   4 | 2126.8 |
          Hell |    874 |    862 |     12 |    165 |    324 |   1 |  874.0 |
           Zot |   9915 |   9190 |    725 |   3572 |   2998 |   5 | 1983.0 |
         Abyss |    660 |    660 |      0 |    229 |     93 |   1 |  660.0 |
      Ziggurat |   1054 |   1054 |      0 |    730 |      0 |   7 |  150.6 |
        Bazaar |    210 |    210 |      0 |      0 |      0 |   1 |  210.0 |
      Ice Cave |   1122 |   1122 |      0 |    626 |     52 |   1 | 1122.0 |
        Wizlab |    229 |    229 |      0 |    100 |      0 |   1 |  229.0 |
      Gauntlet |    333 |    333 |      0 |     10 |      0 |   1 |  333.0 |
               +--------+--------+--------+--------+--------+-----+--------+

Top non-repeatable levels by time:
Vaults:1: 3396 daAuts
Vaults:4: 3192 daAuts
   Zot:2: 2802 daAuts
Depths:3: 2785 daAuts
Depths:2: 2717 daAuts
   Zot:4: 2587 daAuts
 Crypt:3: 2457 daAuts
     D:7: 2031 daAuts
   Elf:3: 2024 daAuts
Vaults:3: 2010 daAuts
    D:10: 1853 daAuts
   Zot:5: 1758 daAuts
     D:9: 1729 daAuts
   Zot:3: 1685 daAuts
  Lair:4: 1681 daAuts
